 Dungeon Sprint DCSS version 0.28-a0-1567-g1695149f81 (webtiles) character file.

Game seed: 413676492151871340

33 innerfire433 the Skirmisher (level 3, -2/33 HPs)
             Began as a Demonspawn Chaos Knight on Jan 19, 2022.
             Was a Plaything of Xom.
             Slain by an ogre (23 damage)
             ... in the Dungeon (Sprint I: "Red Sonja").
             The game lasted 00:00:22 (23 turns).

innerfire433 the Skirmisher (Demonspawn Chaos Knight) Turns: 23, Time: 00:00:23

Health: -2/33      AC: 11    Str: 14    XL:     3   Next: 12%
Magic:  3/3        EV: 11    Int: 13    God:    Xom [..*...]
Gold:   0          SH:  0    Dex: 12    Spells: 2/2 levels left

rFire   . . .      SeeInvis .   a - +0 spear (chaos)
rCold   . . .      Faith    .   (no shield)
rNeg    . . .      Spirit   .   b - +2 leather armour
rPois   .          Reflect  .   (helmet restricted)
rElec   .          Harm     .   (no cloak)
rCorr   .          Rampage  .   (no gloves)
Will    .....      NoTele   +   (no boots)
Stlth   +.........              (no amulet)
HPRegen 0.11/turn               (no ring)
MPRegen 0.08/turn               (no ring)

@: sanguine armoured, on berserk cooldown, slowed, very slow
A: antennae 1, sanguine armour 1
a: Renounce Religion


You were in the Dungeon.
You worshipped Xom.
You were a toy of Xom.
You visited 1 branch

Inventory:

Hand Weapons
 a - a +0 spear of chaos (weapon)
 i - a +0 vampiric dagger
Armour
 b - a +2 leather armour (worn)
 j - a +0 ring mail
Wands
 g - a wand of paralysis (6)
Scrolls
 h - a scroll of blinking
Potions
 c - a potion of curing
 d - a potion of heal wounds
 e - a potion of haste
 f - 2 potions of magic


   Skills:
 + Level 5.0 Fighting
 + Level 4.6 Polearms
 + Level 2.6 Armour
 + Level 1.1 Dodging


You had 2 spell levels left.
You didn't know any spells.
Your spell library was empty.

Dungeon Overview and Level Annotations

Branches:
Dungeon (1/1)

Altars:


Innate Abilities, Weirdness & Mutations

You have a pair of small antennae on your head.
When seriously injured, your blood forms armour. (AC +6)


Message History

Ijyb hoots and howls with incredible vigour!
You hear a shout!
You hit Ijyb. You freeze Ijyb.
Ijyb is moderately wounded.
Xom snickers.
The water in the fountain briefly glows.
Ijyb hits you but does no damage.
You puncture Ijyb! You burn Ijyb.
You kill Ijyb!
Your Fighting skill gained 2 levels and is now at level 5!
Your Polearms skill gained 2 levels and is now at level 4!
Your Armour skill increases to level 2!
Your Dodging skill increases to level 1!
You have reached level 2!
Your demonic ancestry asserts itself...
You feel your blood ready itself to protect you.
Xom is mildly amused.
You have reached level 3!
Your experience leads to an increase in your attributes!
Increase (S)trength, (I)ntelligence, or (D)exterity?
You feel stronger. x2; Your demonic ancestry asserts itself...
A pair of antennae grows on your head!
Your blood congeals into armour.
You are no longer berserk.
You are exhausted.
You feel yourself slow down.
Something unseen opens the door.
g - a wand of paralysis (6)
Things that are here:
a +0 vampiric dagger; a +0 ring mail An ogre comes into view.
It is wielding a +0 giant club.
i - a +0 vampiric dagger;
j - a +0 ring mail The ogre closely misses you.
You hit the ogre.
The ogre seems to speed up.
Xom is highly amused!
The ogre is lightly wounded.
The ogre misses you.
The ogre hits you with a +0 giant club!!
Ouch! That really hurt!
You die...
Xom snickers!

##########
#<.#..'..#
#..'@O#
#..####
#..# #..#
#..# #⌠⌠#
####


You could see an ogre (fast).

Vanquished Creatures
  A howler monkey (D)
1 creature vanquished.

Notes
Turn   | Place    | Note
-------+----------+-------------------------------------------
     0 | D        | innerfire433 the Demonspawn Chaos Knight began the quest
                  | for the Orb.
     0 | D        | Reached XP level 1. HP: 18/18 MP: 1/1
     2 | D        | Noticed Ijyb
     6 | D        | Paralysed by Ijyb for 4 turns
    15 | D        | XOM: silly message
    16 | D        | Noticed Ijyb
    16 | D        | Ijyb changed into Ijyb the howler monkey
    18 | D        | XOM: silly message
    19 | D        | Killed Ijyb the howler monkey
    20 | D        | Reached skill level 5 in Fighting
    20 | D        | Reached skill level 1 in Dodging
    20 | D        | Gained mutation: When seriously injured, your blood forms
                  | armour. (AC +6) [demonic ancestry]
    20 | D        | Reached XP level 2. HP: 25/27 MP: 2/2
    20 | D        | Gained mutation: You have a pair of small antennae on your
                  | head. [demonic ancestry]
    20 | D        | Reached XP level 3. HP: 31/33 MP: 3/3
    21 | D        | Noticed an ogre
    23 | D        | Slain by an ogre

Illustrated notes

Levels and vault maps discovered:
D:        dungeon_sprint_1 [red_sonja_temple_1, red_sonja_temple_small_1]

Skill      XL: |  1 |
---------------+----+-----
Fighting       | 5 |  5.0
Polearms       | 4 |  4.6
Armour         | 2 |  2.6
Dodging        | 1 |  1.1

Action                   || total
-------------------------++-------
Melee: Spear             ||    12
  Use: Potion            ||     1
Armor: Leather armour    ||     1
Dodge: Dodged            ||     3

Table legend: (Time is in decaauts)
 A = Elapsed time spent in this place.
 B = Non-inter-level travel time spent in this place.
 C = Inter-level travel time spent in this place.
 D = Time resting spent in this place.
 E = Time spent auto-exploring this place.
 F = Levels seen in this place.
 G = Mean time per level.
                   A        B        C        D        E       F      G
               +--------+--------+--------+--------+--------+-----+--------+
         Total |     19 |     19 |      0 |      0 |      0 |   1 |   19.0 |
       Dungeon |     19 |     19 |      0 |      0 |      0 |   1 |   19.0 |
               +--------+--------+--------+--------+--------+-----+--------+

Top non-repeatable levels by time:
       D: 19 daAuts
